 Dungeon Crawl Stone Soup version 0.30.1-11-g7821555f0a (webtiles) character file.

Game seed: 14839887451788628032

46 Skaggerston the Trooper (level 3, 0/60 HPs)
             Began as an Ogre Fighter on Dec 11, 2023.
             Slain by an orc
             ... wielding a +0 mace
              (6 damage)
             ... on level 3 of the Dungeon.
             The game lasted 00:02:22 (521 turns).

Skaggerston the Trooper (Ogre Fighter)               Turns: 521, Time: 00:02:23

Health: 0/60       AC:  3    Str: 20    XL:     3   Next: 68%
Magic:  3/3        EV:  8    Int: 11    God:
Gold:   59         SH:  7    Dex:  8    Spells: 1/2 levels left

rFire   . . .        a - +0 long sword
rCold   . . .        c - +0 kite shield
rNeg    . . .        b - +0 robe
rPois   .            (helmet restricted)
rElec   .            (no cloak)
rCorr   .            (gloves unavailable)
SInv    .            (boots unavailable)
Will    .....        (no amulet) Stlth
                     (no ring)
HPRegen 0.30/turn    (no ring)
MPRegen 0.08/turn

%: no passive effects
@: berserking, very quick
A: large, unfitting armour, tough skin 1, wild magic 1
a: no special abilities


You were on level 3 of the Dungeon.
You visited 1 branch of the dungeon, and saw 3 of its levels.

You collected 59 gold pieces.

Inventory:

Hand Weapons
 a - a +0 long sword (weapon)
Armour
 b - a +0 robe (worn)
 c - a +0 kite shield (worn)
Scrolls
 f - a scroll of silence
Potions
 d - a potion of might
 h - a potion of haste {unknown}


   Skills:
 * Level 4.4 Fighting
 * Level 2.1 Long Blades
 * Level 0.5 Armour
 * Level 3.0 Dodging
 * Level 0.2 Stealth
 * Level 3.3 Shields
 * Level 0.4 Spellcasting
 * Level 0.2 Conjurations
 * Level 0.3 Air Magic


You had one spell level left.
You knew the following spells:

 Your Spells              Type           Power      Damage    Failure   Level
a - Shock                 Conj/Air       4%         1d3       67%         1

Your spell library contained the following spells:

 Spells                   Type           Power      Damage    Failure   Level
 Swiftness                Air            1%         N/A       95%         3
 Airstrike                Air            0%         2d(1-17)  100%        4


Dungeon Overview and Level Annotations

Branches:
Dungeon (3/15)

Altars:


Innate Abilities, Weirdness & Mutations

You are too large for most types of armour.
You have tough skin. (AC +1)
Your spells are a little harder to cast, but a little more powerful.


Message History

The frilled lizard bites you but does no damage.
The orc hits you with a +0 mace.
The frilled lizard bites you but does no damage.
The orc attacks as you move away! The orc hits you but does no damage.
The frilled lizard barely misses you.
You bump into the rock wall.
The frilled lizard bites you. The orc barely misses you.
You're too confused to move!
The frilled lizard closely misses you. The orc hits you with a +0 mace.
You miss the frilled lizard.
You feel less invigorated.
You feel less confused. The frilled lizard bites you.
You block the orc's attack.
You barely miss the frilled lizard. The orc hits you but does no damage.
The frilled lizard bites you. You block the orc's attack.
The frilled lizard barely misses you.
You barely miss the frilled lizard. You block the orc's attack.
The frilled lizard bites you.
You closely miss the frilled lizard. The orc hits you with a +0 mace!
The frilled lizard closely misses you.
You miss the frilled lizard. The orc hits you with a +0 mace.
* * * LOW HITPOINT WARNING * * *
The frilled lizard bites you.
* * * LOW HITPOINT WARNING * * *
The orc barely misses you. You block the frilled lizard's attack.
You barely miss the frilled lizard.
You hear the rusting of a very distant drain.
The orc hits you with a +0 mace.
* * * LOW HITPOINT WARNING * * *
You block the frilled lizard's attack.
Unknown command.
It was a potion of berserk rage.
A red film seems to cover your vision as you go berserk!
You feel yourself moving faster!
You feel mighty! The orc barely misses you. The frilled lizard bites you.
* * * LOW HITPOINT WARNING * * *
You barely miss the orc. You block the orc's attack.
The frilled lizard bites you.
* * * LOW HITPOINT WARNING * * *
You closely miss the orc. The orc hits you with a +0 mace.
You die...

#######.##. #@lw..... ..
########### #o####.## .###
..........# #o# ..#
.....<....######.###########.#
..>..†.....o..........##...#.####
.................####.##.........
####.............####.##.........
#......###.........##.........
###......# #.........##...(....#


You could see a dart slug, 2 orcs and a frilled lizard.

Vanquished Creatures
  2 adders (D:2)
  A dart slug (D:1)
  4 orcs (D:3)
  A ball python (D:3)
  2 bats
  An endoplasm (D:3)
  A giant cockroach (D:1)
  3 goblins
  A hobgoblin (D:2)
  A kobold (D:2)
  4 frilled lizards
  2 rats
23 creatures vanquished.

Notes
Turn   | Place    | Note
-------+----------+-------------------------------------------
     0 | D:1      | Skaggerston the Ogre Fighter began the quest for the Orb.
     0 | D:1      | Reached XP level 1. HP: 24/24 MP: 1/1
   122 | D:1      | Reached XP level 2. HP: 27/32 MP: 2/2
   197 | D:2      | Learned a level 1 spell: Shock
   264 | D:2      | Reached XP level 3. HP: 40/40 MP: 3/3
   506 | D:3      | Gained mutation: Your spells are a little harder to cast,
                  | but a little more powerful. [potion of mutation]
   521 | D:3      | Slain by an orc

Illustrated notes

Levels and vault maps discovered:
D:1:      minmay_arrival_jagged, layout_loops_corners,
          chequers_ecumenical_altar_island
D:2:      layout_basic, serial_shops, shop, minmay_misc_feat_rows, hex_large,
          item_on_display_a
D:3:      wad_woods_tower, layout_basic, portal_sewer_entry_d,
          kennysheep_generic_room_10, uniq_terence

Skill      XL: |  1  2  3 |
---------------+----------+-----
Long Blades    | 2 |  2.1
Dodging        | 3 |  3.0
Fighting       | |  4.4
Armour         | |  0.5
Stealth        | |  0.2
Shields        | |  3.3
Spellcasting   | |  0.4
Conjurations   | |  0.2
Air Magic      | |  0.3

Action                     || total
---------------------------++-------
  Melee: Long sword        ||    97
    Use: Scroll            ||     3
         Potion            ||     3
 Armour: Robe              ||    29
  Dodge: Dodged            ||    44
  Block: Kite shield       ||    39
